 Dungeon Crawl Stone Soup version 0.19-a0-958-gd69d43c (webtiles) character file.

63 matakusis the Magician (level 3, 0/19 HPs)
             Began as a Deep Elf Fire Elementalist on July 11, 2016.
             Succumbed to an adder's poison
             ... on level 2 of the Dungeon.
             The game lasted 00:10:21 (1576 turns).

matakusis the Magician (Deep Elf Fire Elementalist) Turns: 1576, Time: 00:10:21

Health: 0/19       AC:  4    Str:  5    XL:     3   Next: 87%
Magic:  2/10       EV: 13    Int: 20    God:
Gold:   54         SH:  0    Dex: 15    Spells: 3 memorised, 4 levels left

rFire  . . .     SeeInvis .     e - +0 dagger
rCold  . . .     Gourm    .     a - +0 robe
rNeg   . . .     Faith    .     (no shield)
rPois  .         Spirit   .     k - +2 hat
rElec  .         Dismiss  .     (no cloak)
rCorr  .         Reflect  .     (no gloves)
SustAt .         Harm     .     (no boots)
MR     .....                    (no amulet)
Stlth  ++........               (no ring)
                                (no ring)

@: lethally poisoned (0 -> -5), not resistant to hostile enchantments,
unstealthy
A: no striking features
a: no special abilities


You were on level 2 of the Dungeon.
You were completely stuffed.

You visited 1 branch of the dungeon, and saw 2 of its levels.

You collected 54 gold pieces.

Inventory:

Hand Weapons
 e - a +0 dagger (weapon)
Armour
 a - a +0 robe (worn)
 k - a +2 hat (worn)
Wands
 i - a wand of polymorph (10/24)
Scrolls
 d - a scroll of enchant armour {unknown}
 g - a scroll of amnesia {unknown}
 h - 3 scrolls of identify {unknown}
Books
 b - a book of Flames

   Spells                             Type                      Level
   a - Flame Tongue                   Conjuration/Fire             1
   b - Throw Flame                    Conjuration/Fire             2
   c - Conjure Flame                  Conjuration/Fire             3
   d - Inner Flame                    Hexes/Fire                   3
   e - Sticky Flame                   Conjuration/Fire             4
   f - Fireball                       Conjuration/Fire             5


   Skills:
 - Level 2.4 Dodging
 - Level 2.4 Stealth
 * Level 4.3 Spellcasting
 + Level 1.9 Conjurations
 + Level 4.2 Fire Magic


You had 4 spell levels left.
You knew the following spells:

 Your Spells              Type           Power        Failure   Level  Hunger
a - Flame Tongue          Conj/Fire      ###..        3%          1    None
b - Throw Flame           Conj/Fire      ###...       6%          2    #......
c - Conjure Flame         Conj/Fire      ###.....     12%         3    ###....


Dungeon Overview and Level Annotations

Branches:
Dungeon (2/15)

Altars:
Xom


Message History

There is a lethal amount of poison in your body!
There is a lethal amount of poison in your body!
There is a lethal amount of poison in your body!
There is a lethal amount of poison in your body!
Okay, then.
You start eating the meat ration.
Keep eating?
* * * LOW HITPOINT WARNING * * *
You feel sick.
You continue eating. x2
* * * LOW HITPOINT WARNING * * *
You feel sick.
You finish eating.
That meat ration really hit the spot!
You start eating the bread ration.
You continue eating.
* * * LOW HITPOINT WARNING * * *
You feel sick.
You continue eating.
You finish eating.
That bread ration really hit the spot!
You die...

........#.......#..######
..........#####..........
........### #.........#
......#.# #.........#
.....##.# #.........#
.######.# #.........# .#
#.# #.........# .# #.#
#..(......# ## #.#
#.@.......# .#
#..........#
.....######### #.#.#.
#....#. ...# #. ... #. ..
..


There were no monsters in sight!

Vanquished Creatures
  An adder (D:2)
  3 oozes
  A dart slug (D:1)
  A giant gecko (D:2)
  2 giant cockroaches (D:1)
  6 goblins
  2 hobgoblins (D:1)
  10 bats
  2 giant newts (D:1)
  5 kobolds
  5 rats
38 creatures vanquished.

Notes
Turn   | Place    | Note
-------+----------+-------------------------------------------
     0 | D:1      | matakusis the Deep Elf Fire Elementalist began the quest for the Orb.
     0 | D:1      | Reached XP level 1. HP: 10/10 MP: 6/6
   135 | D:1      | Reached XP level 2. HP: 13/15 MP: 0/8
   167 | D:1      | Learned a level 2 spell: Throw Flame
   840 | D:1      | Reached XP level 3. HP: 16/19 MP: 2/10
   919 | D:1      | Learned a level 3 spell: Conjure Flame
  1217 | D:2      | Found a shimmering altar of Xom.
  1576 | D:2      | Succumbed to an adder's poison

Vault maps used:
D:1:      sevenhm_arrival_forest_fort_large_2
D:2:      xom_redecorated, serial_curves, eino_curves_04, eino_curves_01

Skill      XL: |  1  2  3 |
---------------+----------+-----
Fire Magic     | 4 |  4.2
Spellcasting   | 4 |  4.3
Dodging        | |  2.4
Stealth        | |  2.4
Conjurations   | |  1.9

Action                   || total
-------------------------++-------
Melee: Dagger            ||    22
 Cast: Flame Tongue      ||    21
       Throw Flame       ||    43
       Conjure Flame     ||     1
  Eat: Chunk             ||     2
       Meat ration       ||     1
       Bread ration      ||     1
Armor: Robe              ||    14
Dodge: Dodged            ||    40
